Description

Polish description:

Celem tego otwarcia jest zniszczenie ekonomii przeciwnika i jeśli to możliwe, zajęcie wrogiej naturalnej bazy, i niedopuszczenie do odbudowy oraz dalszej ekspansji.

  • Warto zabić rpr, gdyż wyscautowany brak 3ciej znacznie utrudni atak
  • Warto wysłać drone z lingami i qeen do 3ciej żeby zmylić przeciwnika
  • Ważne jest by wysłać roach przodem, by to na nich skupiło sie agro przeciwnika, maja one za zadanie zniszczyc zagrożenie dla zerglingow takie jak heliony, należy pamiętać że to zerglingi są tu głównym dps
  • Po osiągnięciu 60 supply można wciąż dosyłać jednostki, jednak w przypadku niepowodzenia, całkowicie nas to wyklucza z dalszej rozgrywki
  • Nie warto dosyłać roach, sa one bardzo wolne, a gaz jest niezbedny do tego by nadrobić technologicznie, bez takich ulepszeń jak speed do roach lub banelingow, nie mamy szans w pozniejszych starciach

Replay - Adimax v Mastermindnn - Lód i Chrom ER

Build Order

Get SALT Encoding   

  12  0:01  Drone  
  13  0:12  Overlord  
  13  0:16  Drone  
  14  0:31  Drone x2  
  16  0:49  Hatchery  
  15  0:51  Drone x2  
  17  0:59  Drone  
  18  1:06  Extractor  
  17  1:13  Spawning Pool  
  17  1:17  Drone x2  
  18  1:28  Drone  
  20  1:49  Overlord  
  20  2:00  Queen x2  
  22  2:02  Zergling x4  
  26  2:14  Metabolic Boost  
  28  2:21  Roach Warren  
  31  2:46  Overlord  
  32  3:00  Overlord  
  31  3:06  Overlord  
  31  3:09  Roach x6  
  43  3:19  Roach  
  45  3:26  Zergling x4  
  47  3:33  Roach  
  49  3:35  Zergling x6  
  49  3:40  Zergling x4  
  54  3:51  Hatchery  
  54  3:54  Zergling x2  
  57  4:08  Lair  
  57  4:17  Extractor  
  60  4:49  Spore Crawler  
Spawning Tool Build Advisor. Get it on Overwolf

Analysis

Plusy:

  • Zmuszenie przeciwnika do użycia jego jednostek harrasujących z wczesnej fazy gry do obrony, co gwarantuje spokój na start
  • Łatwa wygrana, jeśli przeciwnik źle oszacuje zagrożenie
  • Możliwość zajęcia i utrzymywania naturala przeciwnika, daje potężną przewagę ekonomiczną
  • Przeciwnik z góry spodziewa się wiekszej fali roach, dzieki czemu łatwo go zaskoczyć mutaliskami
  • Otwarcie to gwarantuje solidną obrone na wypadek wczesnych ataków przeciwnika ( w sytuacji zagrożenia można użyć tego openu do obrony )

Minusy:

  • Po wyscautowaniu, banalne w obronie
  • Brak ravagerow w ataku sprawia, ze byle tank lub ff od sentry latwo przewie atak
  • W sytuacji braku naruszenia ekonomii przeciwnika podczas ataku, jestesmy bardzo do tyłu

Go to:

Details

  • Created by: Zgredek
  • Published on: Jun 18, 2020
  • Modified on: Jun 18, 2020
  • Patch: 4.11.0
  • Difficulty: Easy
Show
View Real Time Build Order
Export as new Build Order

Comments (0)

There are no comments. Be the first!

Create an account to comment!